 Dungeon Crawl Stone Soup version 0.30-a0-782-ge64f9170bb (webtiles) character file.

Game seed: 10503495750138879113

90 theswoord the Shooter (level 4, -4/25 HPs)
             Began as a Deep Elf Hunter on Feb 23, 2023.
             Slain by Robin
             ... wielding a +0 trident
              (7 damage)
             ... on level 2 of the Dungeon.
             The game lasted 00:01:40 (1476 turns).

theswoord the Shooter (Deep Elf Hunter)             Turns: 1476, Time: 00:01:41

Health: -4/25      AC:  3    Str: 10    XL:     4   Next: 32%
Magic:  15/15      EV: 12    Int: 14    God:
Gold:   41         SH:  0    Dex: 18    Spells: 3/3 levels left

rFire   . . .      SeeInvis .    a - +0 shortbow
rCold   . . .      Faith    .    (shield currently unavailable)
rNeg    . . .      Spirit   .    c - +0 leather armour
rPois   .          Reflect  .    (no helmet)
rElec   .          Harm     .    (no cloak)
rCorr   .          Rampage  .    (no gloves)
Will    .....                    (no boots)
Stlth   ++                       (no amulet)
HPRegen 0.24/turn                d - ring of magical power
MPRegen 0.14/turn                (no ring)

@: flying
A: no striking features
a: no special abilities


You were on level 2 of the Dungeon.
You visited 1 branch of the dungeon, and saw 2 of its levels.

You collected 41 gold pieces.

Inventory:

Hand Weapons
 a - a +0 shortbow (weapon)
Armour
 c - a +0 leather armour (worn)
Jewellery
 d - a ring of magical power (left hand)
Scrolls
 b - a scroll of immolation
 f - a scroll of magic mapping
 h - a scroll of butterflies
Potions
 g - a potion of flight


   Skills:
 - Level 1.5 Fighting
 + Level 7.7 Ranged Weapons
 - Level 2.4 Dodging
 - Level 1.2 Stealth


You had 3 spell levels left.
You didn't know any spells.
Your spell library was empty.

Dungeon Overview and Level Annotations

Branches:
Dungeon (2/15)

Altars:

Annotations:
D:2 Robin


Message History

Robin hits you from afar with a +0 trident.
* * * LOW HITPOINT WARNING * * *
The hobgoblin attacks as you move away! The hobgoblin misses you.
The goblin attacks as you move away! The goblin hits you with a +0 club.
* * * LOW HITPOINT WARNING * * *
You see here a +0 dagger.
It was a potion of flight.
You feel very buoyant.
You fly up into the air.
The goblin hits you with a +0 club.
* * * LOW HITPOINT WARNING * * *
The hobgoblin attacks as you move away! The hobgoblin hits you.
* * * LOW HITPOINT WARNING * * *
Items here: ))) ††††.
The hobgoblin attacks as you move away! The hobgoblin closely misses you.
The goblin attacks as you move away! The goblin hits you but does no damage.
You shoot an arrow. The arrow hits the goblin!
You kill the goblin!
The hobgoblin attacks as you move away! The hobgoblin barely misses you.
The hobgoblin no longer looks unusually strong.
You shoot an arrow. The arrow hits the hobgoblin!
You kill the hobgoblin!
Robin zaps a wand.
You resist with some effort.
Robin zaps a wand.
You resist with some effort.
You shoot an arrow.
The arrow hits Robin but does no damage.
You see here 6 stones.
You shoot an arrow.
The arrow hits Robin but does no damage.
Robin barely misses you.
Robin zaps a wand.
You resist with some effort.
You shoot an arrow.
The arrow hits Robin but does no damage.
Robin points. "Kill!"
You shoot an arrow. The arrow hits Robin.
Robin says, "We wiped out the hill dwarves - you're next!"
Robin hits you from afar with a +0 trident.
* * * LOW HITPOINT WARNING * * *
You shoot an arrow. The arrow hits Robin.
Robin hits you from afar with a +0 trident!
You die...

*,**,****,***,****#.,,.
#.#*,*##,** **,*###.**#
*****#.#*,,.,,* *,,,...* #
******,,,,...,,.#*,** **,***#.###
,,,,,,,***#.###.***,***,,*###....
******** #.#..,* **,,,*,*#......
#.#.#** **,**,*#......
###.#.#######.#*,*#......
#.)...g.@.....#*,*#......
**#######)###########.#*,*#......
*,.......)# *><,,*#......
*,###.....#################......
*,* #.###.†..........bb..........
,,**#,**#))################......
,,........†# ##.##.. ,,###.###).#
#.##.# ,,,,,,,,...#*********
#.##.#


You could see Robin.

Vanquished Creatures
  Terence (D:2)
  An adder (D:2)
  A dart slug (D:1)
  3 ball pythons
  9 giant cockroaches
  13 goblins
  4 hobgoblins (D:2)
  5 kobolds
  2 quokkas (D:1)
  3 bats (D:1)
  4 frilled lizards
  3 rats
49 creatures vanquished.

Notes
Turn   | Place    | Note
-------+----------+-------------------------------------------
     0 | D:1      | theswoord the Deep Elf Hunter began the quest for the Orb.
     0 | D:1      | Reached XP level 1. HP: 12/12 MP: 3/3
   196 | D:1      | Reached skill level 6 in Ranged Weapons
   196 | D:1      | Reached XP level 2. HP: 16/16 MP: 4/4
   677 | D:1      | Reached XP level 3. HP: 20/20 MP: 5/5
  1286 | D:2      | Noticed Terence
  1296 | D:2      | Killed Terence
  1297 | D:2      | Reached skill level 7 in Ranged Weapons
  1319 | D:2      | Reached XP level 4. HP: 21/25 MP: 6/6
  1448 | D:2      | Noticed Robin
  1476 | D:2      | Slain by Robin

Skill      XL: |  1  2  3 |
---------------+----------+-----
Ranged Weapons | 6 7 |  7.7
Fighting       | |  1.5
Dodging        | |  2.4
Stealth        | |  1.2

Action                     |  1- 3 |  4- 6 || total
---------------------------+-------+-------++-------
   Fire: Shortbow          |    80 |    43 ||   123
    Use: Scroll            |     2 |     2 ||     4
         Potion            |       |     2 ||     2
 Armour: Leather armour    |     7 |     6 ||    13
  Dodge: Dodged            |    22 |    17 ||    39

Levels and vault maps discovered:
D:1:      saegor_arrival_miasma, layout_basic, nicolae_hexahallways,
          minmay_worlds_worst_comb
D:2:      layout_loops_ring, serial_shops, shop, uniq_robin, uniq_terence
